 Dungeon Crawl Stone Soup version 0.29-a0-553-g81b289dbe5 (webtiles) character file.

Game seed: 5463239442514321338

1401 DocClef the Covert (level 8, -3/60 HPs)
             Began as a Gnoll Delver on June 6, 2022.
             Was a Follower of Hepliaklqana.
             Slain by a killer bee (4 damage)
             ... on level 7 of the Dungeon.
             The game lasted 00:10:22 (8101 turns).

DocClef the Covert (Gnoll Delver)                   Turns: 8101, Time: 00:10:23

Health: -3/60      AC:  4    Str: 15    XL:     8   Next: 69%
Magic:  13/13      EV: 13    Int:  9    God:    Hepliaklqana [*.....]
Gold:   462        SH:  0    Dex: 13    Spells: 7/14 levels left

rFire   . . .      SeeInvis .   y - +3 dagger (venom)
rCold   . . .      Faith    .   (no shield)
rNeg    . . .      Spirit   .   b - +1 leather armour
rPois   .          Reflect  .   (no helmet)
rElec   .          Harm     .   (no cloak)
rCorr   .          Rampage  .   (no gloves)
Will    .....      Archmagi +   (no boots)
Stlth   ++++......              q - amulet of the acrobat
HPRegen 0.20/turn               h - ring of the Mage {Wiz Archmagi}
MPRegen 0.13/turn               (no ring)

@: lethally poisoned (-3 -> -20), studying Short Blades
A: reduced essence, fangs 1, strong nose, distributed training
a: Renounce Religion, Recall Ancestor, Ancestor Identity


You were on level 7 of the Dungeon.
You worshipped Hepliaklqana.
Hepliaklqana was aware of your devotion.
You visited 2 branches of the dungeon, and saw 8 of its levels.

You collected 462 gold pieces.

Inventory:

Hand Weapons
 s - a +2 scimitar
 y - a +3 dagger of venom (weapon)
 z - a +0 morningstar
Missiles
 l - 94 stones (quivered)
Armour
 b - a +1 leather armour (worn)
Jewellery
 h - the ring of the Mage (left hand) {Wiz Archmagi}
   (You found it on level 4 of the Dungeon)

   [ring of wizardry]

   It improves your spell success rate.
   Archmagi:  It increases the power of your magical spells.
 q - an amulet of the acrobat (around neck)
 u - a ring of flight
Wands
 g - a wand of digging (3)
Scrolls
 c - a scroll of fog
 d - 3 scrolls of magic mapping
 e - a scroll of fear
 i - 5 scrolls of identify
 j - 5 scrolls of teleportation
 m - a scroll of poison
 o - 2 scrolls of enchant weapon
 r - 2 scrolls of torment
 t - a scroll of amnesia
 v - 3 scrolls of blinking
 w - a scroll of enchant armour
 x - a scroll of silence {unknown}
Potions
 f - 5 potions of haste
 k - 3 potions of might
 p - a potion of attraction


   Skills:
 + Level 7.5 Fighting
 + Level 6.4 Short Blades
 + Level 3.5 Long Blades
 + Level 3.5 Axes
 + Level 3.5 Maces & Flails
 + Level 3.5 Polearms
 + Level 3.5 Staves
 + Level 3.5 Slings
 + Level 3.5 Bows
 + Level 3.5 Crossbows
 + Level 3.5 Throwing
 + Level 3.5 Armour
 + Level 5.8 Dodging
 + Level 10.2 Stealth
 + Level 3.5 Shields
 + Level 3.5 Unarmed Combat
 + Level 3.5 Spellcasting
 + Level 2.8 Conjurations
 + Level 2.8 Hexes
 + Level 2.8 Summonings
 + Level 2.8 Necromancy
 + Level 2.8 Translocations
 + Level 2.8 Transmutations
 + Level 2.8 Fire Magic
 + Level 2.8 Ice Magic
 + Level 2.8 Air Magic
 + Level 2.8 Earth Magic
 + Level 2.8 Poison Magic
 + Level 3.8 Invocations
 + Level 3.5 Evocations


You had 7 spell levels left.
You knew the following spells:

 Your Spells              Type           Power      Damage    Failure   Level
a - Sandblast             Erth           20%        2d7       4%          1
b - Beastly Appendage     Tmut           20%        N/A       4%          1
c - Wereblood             Tmut           10%        N/A       6%          2
d - Confusing Touch       Hex            10%        N/A       13%         3

Your spell library contained the following spells:

 Spells                   Type           Power      Damage    Failure   Level
 Passwall                 Tmut/Erth      8%         N/A       6%          2
 Frozen Ramparts          Ice            20%        1d4       13%         3
 Spider Form              Tmut/Pois      10%        N/A       13%         3
 Stone Arrow              Conj/Erth      20%        3d8       13%         3
 Ice Form                 Ice/Tmut       10%        N/A       38%         4
 Summon Ice Beast         Ice/Summ       10%        N/A       38%         4
 Yara's Violent Unravell  Hex/Tmut       5%         3d4       71%         5
 Enfeeble                 Hex            5%         N/A       100%        7


Dungeon Overview and Level Annotations

Branches:
Dungeon (7/15)             Temple (1/1) D:5

Altars:
Ashenzari
Cheibriados
Dithmenos
Elyvilon
Fedhas
Gozag
Hepliaklqana
Kikubaaqudgha
Makhleb
Nemelex Xobeh
Okawaru
Qazlal
Ru
Sif Muna
Trog
Uskayaw
Vehumet
Wu Jian
Xom
Yredelemnul
Zin
The Shining One

Shops:
D:6 *[*?[

Annotations:
D:4 Blork the orc


Innate Abilities, Weirdness & Mutations

Your life essence is reduced to manifest your ancestor. (-10% HP)
You have very sharp teeth.
Your uncanny sense of smell can sniff out nearby items.
Your experience applies equally to all skills.


Message History

You feel very sick.
The killer bee stings Arif!
The killer bee barely misses Arif.
Arif hits the killer bee!
You feel very sick. The killer bee closely misses you.
Arif hits the killer bee!
Okay, then.
You hit the killer bee.
The killer bee is severely wounded.
You feel sick. The killer bee stings you.
You are more poisoned.
The killer bee poisons you!
The killer bee stings Arif.
The killer bee closely misses you.
Unknown command.
You hit the killer bee but do no damage.
The killer bee looks as sick as possible!
The killer bee is almost dead.
You feel very sick.
You kill the killer bee!
Arif completely misses the killer bee.
The killer bee barely misses Arif.
Unknown command.
You closely miss the killer bee.
You feel sick. The killer bee stings you!
* * * LOW HITPOINT WARNING * * *
The killer bee barely misses Arif.
Arif hits the killer bee.
The killer bee dies!
Unknown command.
Okay, then.
Okay, then.
Okay, then.
You hit the killer bee but do no damage.
* * * LOW HITPOINT WARNING * * *
You feel sick. The killer bee barely misses you. The killer bee stings you.
* * * LOW HITPOINT WARNING * * *
You are more poisoned.
The killer bee poisons you!
Unknown command.
You miss the killer bee.
* * * LOW HITPOINT WARNING * * *
You feel very sick. The killer bee stings you.
You die...

....##......#..# #.#
............#..# #.#
....##......#..# #.#
....##......#..# #.#
....##......#..# #.#
.....+.........# #.#
....##......#..# #.#
....##......#..#####
#.#
####.........†Ry@..#
#.#
#.###.#.....###.#
#.# #. #.####### #.#
#.# # #. #.# #.# #.
#.# #.# #.# #.#
#.####.# #.##...#
#.##.###


You could see the friendly Arif the ancestor and a killer bee (ally target).

Vanquished Creatures
  A black bear (D:6)
  An ice beast (D:4)
  2 phantoms
  3 necrophages
  3 scorpions
  3 wights (D:6)
  A killer bee (D:7)
  A howler monkey (D:6)
  4 orc priests
  2 hounds (D:6)
  2 iguanas
  A hound skeleton (D:6)
  6 gnolls
  5 adders
  A shadow imp (D:6)
  A white imp (D:6)
  3 dart slugs
  10 orcs
  3 endoplasms
  4 giant cockroaches
  6 goblins
  5 hobgoblins
  2 jackals (D:5)
  2 quokkas
  10 ball pythons
  2 bats
  2 frilled lizards
  5 kobolds
  4 rats
95 creatures vanquished.

Vanquished Creatures (collateral kills)
  A killer bee (D:7)
1 creature vanquished.

Grand Total: 96 creatures vanquished

Notes
Turn   | Place    | Note
-------+----------+-------------------------------------------
     0 | D:5      | Reached skill level 9 in Stealth
     0 | D:5      | DocClef the Gnoll Delver began the quest for the Orb.
     0 | D:5      | Reached XP level 1. HP: 23/23 MP: 1/1
    34 | D:4      | Found the ring of the Mage {Wiz Archmagi}
   193 | D:4      | Noticed a necrophage
   208 | D:4      | Killed a necrophage
   209 | D:4      | Reached skill level 1 in Long Blades
   209 | D:4      | Reached skill level 1 in Axes
   209 | D:4      | Reached skill level 1 in Maces & Flails
   209 | D:4      | Reached skill level 1 in Polearms
   209 | D:4      | Reached skill level 1 in Staves
   209 | D:4      | Reached skill level 1 in Slings
   209 | D:4      | Reached skill level 1 in Bows
   209 | D:4      | Reached skill level 1 in Crossbows
   209 | D:4      | Reached skill level 1 in Throwing
   209 | D:4      | Reached skill level 1 in Armour
   209 | D:4      | Reached skill level 1 in Shields
   209 | D:4      | Reached skill level 1 in Unarmed Combat
   209 | D:4      | Reached skill level 1 in Spellcasting
   209 | D:4      | Reached skill level 1 in Invocations
   209 | D:4      | Reached skill level 1 in Evocations
   209 | D:4      | Reached XP level 2. HP: 13/29 MP: 1/3
   209 | D:4      | Reached XP level 3. HP: 15/35 MP: 1/4
   209 | D:4      | Reached XP level 4. HP: 18/41 MP: 1/5
   396 | D:4      | Noticed Blork the orc
   971 | D:3      | Found a faded altar of an unknown god.
   972 | D:3      | Noticed a floating eye
   974 | D:3      | Noticed a great orb of eyes
   974 | D:3      | Noticed a floating eye
   974 | D:3      | Noticed an eye of devastation
  1499 | D:2      | Identified the +0 leather armour of Wuhyj {Will+ Str+7
                  | Dex-5}
  1555 | D:2      | Found a sacrificial altar of Ru.
  1660 | D:1      | Reached skill level 1 in Conjurations
  1660 | D:1      | Reached skill level 1 in Hexes
  1660 | D:1      | Reached skill level 1 in Summonings
  1660 | D:1      | Reached skill level 1 in Necromancy
  1660 | D:1      | Reached skill level 1 in Translocations
  1660 | D:1      | Reached skill level 1 in Transmutations
  1660 | D:1      | Reached skill level 1 in Fire Magic
  1660 | D:1      | Reached skill level 1 in Ice Magic
  1660 | D:1      | Reached skill level 1 in Air Magic
  1660 | D:1      | Reached skill level 1 in Earth Magic
  1660 | D:1      | Reached skill level 1 in Poison Magic
  2177 | D:1      | Reached XP level 5. HP: 47/47 MP: 6/6
  2735 | D:4      | Noticed a phantom
  2746 | D:4      | Killed a phantom
  2885 | D:4      | Reached XP level 6. HP: 30/53 MP: 8/8
  3076 | D:5      | Reached skill level 5 in Short Blades
  3076 | D:5      | Reached skill level 5 in Dodging
  3088 | D:5      | Learned a level 1 spell: Sandblast
  4343 | D:4      | Noticed a black bear
  4362 | D:3      | Learned a level 1 spell: Beastly Appendage
  4365 | D:3      | Learned a level 2 spell: Wereblood
  4369 | D:3      | Learned a level 3 spell: Confusing Touch
  4548 | D:4      | Noticed an ice beast
  4551 | D:4      | Killed an ice beast
  4552 | D:4      | Reached XP level 7. HP: 60/60 MP: 10/10
  4692 | D:5      | Identified the +3 ring mail "Ugiroror" {rF++ Regen+ SInv
                  | Stlth-}
  5290 | D:5      | Found a staircase to the Ecumenical Temple.
  5301 | Temple   | Entered the Ecumenical Temple
  5407 | Temple   | Became a worshipper of Hepliaklqana the Forgotten
  5651 | D:6      | Found Ysusul Tigi's Antique Armour Boutique.
  6018 | D:6      | Found Etag's Magic Scroll Shoppe.
  6119 | D:6      | Found the +7 staff of the Meek {protect, meekguard}
  6269 | D:6      | Found Log Qeoj's General Store.
  6325 | D:6      | Reached skill level 10 in Stealth
  6336 | D:6      | Found Sidadym's General Store.
  6829 | D:6      | Reached XP level 8. HP: 39/63 MP: 12/12
  7337 | D:6      | Found a burning altar of Makhleb.
  7417 | D:6      | Found Fidooso's Armour Boutique.
  7973 | D:7      | Reached * piety under Hepliaklqana
  8101 | D:7      | HP: 1/60 [poisoned by a killer bee]
  8101 | D:7      | Slain by a killer bee

Illustrated notes

Levels and vault maps discovered:
D:1:      amcnicky_arrival_feature_with_door, layout_basic
D:2:      layout_basic, basic_altar, hangedman_abyss_or_decor_lesser_grid
D:3:      layout_loops_ring, hellmonk_ecumenical_altar_watching_god
D:4:      layout_loops_corners, minmay_manual_macuahuitl, uniq_blork_the_orc
D:5:      layout_loops_cross, lemuel_temple_firewalk_b, minmay_crystal_water,
          nrook_mini_vaults
D:6:      layout_loops_corners, makhleb_blood_cavern_becter, serial_shops,
          kennysheep_mini_moat, nicolae_shop_window_shopping,
          nicolae_shop_advertising_works [nicolae_subvault_shop_adworks],
          nicolae_square_shop, kennysheep_mini
D:7:      layout_basic, uniq_duvessa, uniq_prince_ribbit1
Temple:   compressed_dpeg_triangle_lava_temple

Skill      XL: |  1  2  3  4  5  6  7  8 |
---------------+-------------------------+-----
Stealth        | 10 | 10.2
Long Blades    | 1 2 3 |  3.5
Axes           | 1 2 3 |  3.5
Maces & Flails | 1 2 3 |  3.5
Polearms       | 1 2 3 |  3.5
Staves         | 1 2 3 |  3.5
Slings         | 1 2 3 |  3.5
Bows           | 1 2 3 |  3.5
Crossbows      | 1 2 3 |  3.5
Throwing       | 1 2 3 |  3.5
Armour         | 1 2 3 |  3.5
Shields        | 1 2 3 |  3.5
Unarmed Combat | 1 2 3 |  3.5
Spellcasting   | 1 2 3 |  3.5
Invocations    | 1 2 3 |  3.8
Evocations     | 1 2 3 |  3.5
Conjurations   | 1 2 |  2.8
Hexes          | 1 2 |  2.8
Summonings     | 1 2 |  2.8
Necromancy     | 1 2 |  2.8
Translocations | 1 2 |  2.8
Transmutations | 1 2 |  2.8
Fire Magic     | 1 2 |  2.8
Ice Magic      | 1 2 |  2.8
Air Magic      | 1 2 |  2.8
Earth Magic    | 1 2 |  2.8
Poison Magic   | 1 2 |  2.8
Short Blades   | 5 6 |  6.4
Dodging        | 5 |  5.8
Fighting       | 7 |  7.5

Action                   |  1- 3 |  4- 6 |  7- 9 || total
-------------------------+-------+-------+-------++-------
Melee: Short sword       |    14 |   207 |    37 ||   258
       Bite              |     1 |    19 |    28 ||    48
       Dagger            |       |       |   112 ||   112
       Scimitar          |       |       |    27 ||    27
       Punch             |       |       |     4 ||     4
 Cast: Sandblast         |       |     6 |     2 ||     8
  Use: Scroll            |       |    12 |       ||    12
       Potion            |       |     1 |     1 ||     2
 Stab: Sleeping          |       |    23 |    11 ||    34
       Distracted        |       |       |     1 ||     1
Armor: Leather armour    |     4 |    37 |    12 ||    53
Dodge: Dodged            |     6 |   142 |   122 ||   270

Table legend: (Time is in decaauts)
 A = Elapsed time spent in this place.
 B = Non-inter-level travel time spent in this place.
 C = Inter-level travel time spent in this place.
 D = Time resting spent in this place.
 E = Time spent auto-exploring this place.
 F = Levels seen in this place.
 G = Mean time per level.
                   A        B        C        D        E       F      G
               +--------+--------+--------+--------+--------+-----+--------+
         Total |   8051 |   7517 |    534 |   1362 |   5111 |   8 | 1006.4 |
       Dungeon |   7816 |   7329 |    487 |   1362 |   4960 |   7 | 1116.6 |
        Temple |    234 |    187 |     47 |      0 |    151 |   1 |  234.0 |
               +--------+--------+--------+--------+--------+-----+--------+

Top non-repeatable levels by time:
     D:6: 2044 daAuts
     D:4: 1875 daAuts
     D:3: 1073 daAuts
     D:5: 892 daAuts
     D:1: 805 daAuts
     D:2: 725 daAuts
     D:7: 399 daAuts
  Temple: 234 daAuts
